 Dungeon Crawl Stone Soup version 0.30-a0-913-g9934a0ce24 (webtiles) character file.

Game seed: 12453158518732059096

156 Zeldest the Chopper (level 5, -3/38 (46) HPs)
             Began as a Meteoran Reaver on Mar 19, 2023.
             Slain by an orc
             ... wielding a +0 flail
              (6 damage)
             ... on level 4 of the Dungeon.
             The game lasted 00:05:48 (1102 turns).

Zeldest the Chopper (Meteoran Reaver)               Turns: 1102, Time: 00:05:48

HP:   -3/38 (46)    AC:  4    Str: 16    XL:     5   Next: 98%
MP:   8/10          EV: 12    Int: 17    God:
Gold: 96            SH:  0    Dex: 12    Spells: 6/9 levels left

rFire   + + .      SeeInvis .    b - +0 battleaxe
rCold   . . .      Faith    .    (shield currently unavailable)
rNeg    + . .      Spirit   .    o - +1 leather armour "Daukease" {Fly rF+ rN+ Int+3}
rPois   .          Reflect  .    (no helmet)
rElec   .          Rampage  .    (no cloak)
rCorr   .                        (no gloves)
Will    .....                    (no boots)
Stlth   +                        (no amulet)
HPRegen 0.26/turn                a - ring of protection from fire
MPRegen 0.12/turn                (no ring)

@: flying, very slightly contaminated, hasted, glowing, heavily drained, very
quick
A: sense surroundings 1, otherworldly, glowing, explore regen
a: no special abilities


You were on level 4 of the Dungeon.
You visited 1 branch of the dungeon, and saw 4 of its levels.

You collected 96 gold pieces.

Inventory:

Hand Weapons
 b - a +0 battleaxe (weapon)
Missiles
 c - 6 atropa-tipped darts
 h - 6 poisoned darts
Armour
 o - the +1 leather armour "Daukease" (worn) {Fly rF+ rN+ Int+3}
   (You found it on level 3 of the Dungeon)

   Int:       It affects your intelligence (+3).
   rF:        It protects you from fire.
   rN:        It protects you from negative energy.
   Fly:       It grants you flight.
Jewellery
 a - a ring of protection from fire (left hand)
Wands
 l - a wand of charming (13)
Scrolls
 e - a scroll of enchant weapon {unknown}
 f - 2 scrolls of enchant armour {unknown}
 i - a scroll of torment {unknown}
 j - a scroll of identify {unknown}
 n - a scroll of teleportation {unknown}
Potions
 d - a potion of flight {unknown}
 k - a potion of experience {unknown}


   Skills:
 + Level 3.8 Fighting
 * Level 5.7 Axes
 - Level 2.4 Dodging
 - Level 2.6 Spellcasting
 - Level 4.2 Conjurations
 + Level 0.0 Evocations


You had 6 spell levels left.
You knew the following spells:

 Your Spells              Type           Power      Damage    Failure   Level
a - Kiss of Death         Conj/Necr      36%        2d8       10%         1
b - Momentum Strike       Conj/Tloc      18%        3d8       14%         2

Your spell library contained the following spells:

 Spells                   Type           Power      Damage    Failure   Level
 Hailstorm                Conj/Ice       9%         3d4       28%         3
 Call Canine Familiar     Summ           2%         N/A       54%         3
 Portal Projectile        Hex/Tloc       4%         N/A       54%         3
 Tukima's Dance           Hex            2%         N/A       54%         3
 Leda's Liquefaction      Hex/Erth       1%         N/A       91%         4
 Blade Hands              Tmut           1%         N/A       99%         5


Dungeon Overview and Level Annotations

Branches:
Dungeon (4/15) Zot: 1241
 Temple: D:4-7

Altars:


Innate Abilities, Weirdness & Mutations

You passively map a small area around you.
You are easily found by Zot.
You glow in the dark.
You regain HP and MP as you explore.


Message History

You barely miss the orc. You hit the orc but do no damage.
The orc wizard hits you but does no damage.
The orc hits you with a +0 flail. The orc hits you but does no damage.
You closely miss the orc wizard. You completely miss the orc.
You barely miss the orc. The orc hits you with a +0 flail!
* * * LOW HITPOINT WARNING * * *
The orc closely misses you.
The orc wizard points at you and mumbles some strange words.
The puff of flame hits you. You resist.
* * * LOW HITPOINT WARNING * * *
The orc wizard hits you but does no damage.
The orc closely misses you. The orc barely misses you.
You feel better. The orc hits you but does no damage.
The orc wizard gestures at you while chanting.
You resist with some effort. The orc barely misses you.
Casting: Kiss of Death (safe; 10% risk of failure)
Confirm with . or Enter, or press ? or * to list all spells.
Aiming: Kiss of Death (safe; 10% risk of failure)
Press: ? - help, Shift-Dir - straight line, f - orc wizard
Aim: an orc wizard, wielding a +0 dagger and wearing a +0 robe (100% to hit)
You miscast Kiss of Death.
You are very lightly contaminated with residual magic.
Nothing appears to happen.
The orc hits you with a +0 flail!
* * * LOW HITPOINT WARNING * * *
The orc closely misses you.
The orc wizard hits you but does no damage.
Casting: Kiss of Death (safe; 10% risk of failure)
Confirm with . or Enter, or press ? or * to list all spells.
Aiming: Kiss of Death (safe; 10% risk of failure)
Press: ? - help, Shift-Dir - straight line, f/p - orc wizard
Aim: an orc wizard, wielding a +0 dagger and wearing a +0 robe (100% to hit)
The negative energy hits the orc wizard.
The orc wizard is drained!
The orc wizard is heavily wounded.
You feel drained. The orc wizard closely misses you. The orc barely misses you.
The orc hits you with a +0 hand axe.
* * * LOW HITPOINT WARNING * * *
It was a potion of haste.
You feel yourself speed up. The orc hits you with a +0 flail.
You die...

*......... ,o.........
## * .#.....#
....o....).. #.,
......##.. #....... #.#*
#........ #....<## #..
,####........ $..(##...#
##..###......#.# ##.
#.#.# ##...........##.#
,.. ..
#..#.#.).....o..#####.,
.## .#
#......##....@o.......
.#* *..
#####..##...##o.......#.
* ##
###.#.....####..#.### *
#.....#..... .....
#.#..##......, ..... *
### ##.#..####.... .....
#...#....## * #. , ....
* .....<...# * , .... *
..........# **


You could see an orc wizard (very drained) and 2 orcs.

Vanquished Creatures
  Terence (D:3)
  An iguana (D:3)
  An orc wizard (D:3)
  2 adders
  2 worms
  4 orcs
  7 bats
  3 endoplasms
  A giant cockroach (D:1)
  2 hobgoblins
  4 kobolds
  3 quokkas
  4 ball pythons
  5 frilled lizards
  8 goblins
  6 rats
54 creatures vanquished.

Notes
Turn   | Place    | Note
-------+----------+-------------------------------------------
     0 | D:1      | Zeldest the Meteoran Reaver began the quest for the Orb.
     0 | D:1      | Reached XP level 1. HP: 17/17 MP: 5/5
    25 | D:1      | Reached XP level 2. HP: 25/25 MP: 6/6
    55 | D:1      | Reached skill level 4 in Axes
   126 | D:1      | Reached XP level 3. HP: 30/30 MP: 8/8
   278 | D:2      | Reached XP level 4. HP: 38/38 MP: 9/9
   537 | D:3      | Identified the +1 leather armour "Daukease" {Fly rF+ rN+
                  | Int+3}
   562 | D:3      | Reached XP level 5. HP: 45/45 MP: 10/10
   565 | D:3      | Reached skill level 5 in Axes
   573 | D:3      | Learned a level 2 spell: Momentum Strike
   695 | D:3      | Noticed Terence
   699 | D:3      | Killed Terence
  1102 | D:4      | Slain by an orc

Illustrated notes

Levels and vault maps discovered:
D:1:      dpeg_arrival_windows_large_door, layout_rooms, serial_corexii_hall,
          corexii_hall_statues_s, corexii_hall_statues_x, st_stairs_6,
          minmay_hexomino_c4
D:2:      layout_basic, serial_shops, nicolae_lakefront_shop, dk_noncrumbling_4
D:3:      layout_basic, uniq_terence
D:4:      layout_rooms, uniq_menkaure

Skill      XL: |  1  2  3  4  5 |
---------------+----------------+-----
Axes           | 4 5 |  5.7
Conjurations   | 4 |  4.2
Fighting       | 3 |  3.8
Dodging        | |  2.4
Spellcasting   | |  2.6

Action                     |  1- 3 |  4- 6 || total
---------------------------+-------+-------++-------
  Melee: Hand axe          |    82 |       ||    82
         Battleaxe         |       |   109 ||   109
   Cast: Kiss of Death     |       |     2 ||     2
         Momentum Strike   |       |     1 ||     1
    Use: Potion            |       |     3 ||     3
 Armour: Leather armour    |    28 |    33 ||    61
         Chain mail        |    29 |    43 ||    72
  Dodge: Dodged            |    55 |    85 ||   140

Table legend: (Time is in decaauts)
 A = Elapsed time spent in this place.
 B = Non-inter-level travel time spent in this place.
 C = Inter-level travel time spent in this place.
 D = Time resting spent in this place.
 E = Time spent auto-exploring this place.
 F = Levels seen in this place.
 G = Mean time per level.
                   A        B        C        D        E       F      G
               +--------+--------+--------+--------+--------+-----+--------+
         Total |   1157 |   1032 |    125 |      0 |      0 |   4 |  289.2 |
       Dungeon |   1157 |   1032 |    125 |      0 |      0 |   4 |  289.2 |
               +--------+--------+--------+--------+--------+-----+--------+

Top non-repeatable levels by time:
     D:3: 683 daAuts
     D:1: 218 daAuts
     D:2: 201 daAuts
     D:4: 54 daAuts
